Map: Cyber Forest LE

Players

Woah - Winner!

  • Race: Terran Terran
  • League: Platinum
  • Spawn Location: 11:00

Sooner

  • Race: Terran Terran
  • League: Platinum
  • Spawn Location: 5:00

VOD

Have the link to the VOD?

Description

Time

  • Played on: June 10, 2019, 10:13 a.m.
  • Length: 4:52
Show
View Real Time Build Order
Export as new Build Order

Woah Terran - Winner!

Build Orders: Cyclone Opening 

Get SALT Encoding   

  12  0:01  SCV  
  13  0:13  SCV  
  14  0:17  Supply Depot  
  14  0:31  SCV, Refinery  
  15  0:45  SCV, Barracks  
  16  0:58  SCV  
  16  1:02  Refinery  
  17  1:10  SCV  
  18  1:21  Barracks  
  18  1:22  SCV  
  19  1:32  Supply Depot  
  19  1:33  Reaper  
  20  1:53  SCV  
  21  1:58  Factory  
  21  2:19  Barracks Reactor, Barracks Tech Lab  
  21  2:21  SCV  
  22  2:24  Factory  
  22  2:34  Orbital Command  
  22  2:52  Barracks Tech Lab  
  22  2:54  Cyclone  
  25  3:00  SCV  
  26  3:26  Command Center  
  28  3:36  Reaper x3  
Show
View Real Time Build Order
Export as new Build Order

Sooner Terran 

Build Orders:  

Get SALT Encoding   

Tags
 
Matchup
TvT
Race
Terran
Replay Pack
r1
Spawn Locations
Cross Positions
Add a new tag
Caveats
  • Supply blocks, unpowered buildings, or Contaminate may cause inaccurate times.
  • Supply counts are checked every 10 seconds.